 Dungeon Crawl Stone Soup version 0.27.1-35-g4d5d836560 (webtiles) character file.

Game seed: 3584247176201747149

282579 makewrite the Warrior (level 20, -17/191 HPs)
             Began as a Hill Orc Fighter on May 2, 2022.
             Was the Champion of Yredelemnul.
             Killed from afar by Yhimasil the Cloud Mage (21 damage)
             ... with a vortex
             ... in a wizard's laboratory on May 4, 2022.
             The game lasted 02:48:20 (55392 turns).

makewrite the Warrior (Hill Orc Fighter)           Turns: 55392, Time: 02:48:20

Health: -17/191    AC: 35    Str: 24    XL:     20   Next: 53%
Magic:  0/29       EV:  8    Int:  8    God:    Yredelemnul [******]
Gold:   54         SH: 26    Dex: 12    Spells: 19/19 levels left

rFire    + . .     SeeInvis +   a - +9 morningstar (flame)
rCold    + . .     Faith    .   m - +5 tower shield
rNeg     . . .     Spirit   +   J - +2 plate armour {rF+}
rPois    +         Reflect  .   D - +2 helmet
rElec    .         Harm     .   N - +2 cloak {rCorr}
rCorr    +         Rampage  .   q - +2 pair of gloves of Sif Muna's Scorn {Fly rC+ Regen+ Str-5}
Will     ++...                  u - +2 pair of boots
Stlth    ..........             B - amulet "Raeranni" {Spirit rPois Regen+ Str+3}
HPRegen  2.41/turn              o - ring of see invisible
MPRegen  0.21/turn              s - ring of willpower

@: flying, studying Maces & Flails
A: no striking features
}: 2/15 runes: decaying, gossamer
a: Renounce Religion, Recall Undead Slaves, Injury Mirror, Animate Dead, Drain
Life, Enslave Soul


You were in a wizard's laboratory.
You worshipped Yredelemnul.
Yredelemnul was exalted by your worship.
You visited 8 branches of the dungeon, and saw 37 of its levels.
You also visited: Ossuary and Wizlab.

You collected 4315 gold pieces.
You spent 4261 gold pieces at shops.

Inventory:

Hand Weapons
 a - a +9 morningstar of flaming (weapon)
 b - the +5 hunting sling "Secret Weapon" {speed, *Slow rC+ SInv}
   (You found it on level 5 of the Lair of Beasts)

   Attacks with this weapon are significantly faster.
   rC:        It protects you from cold.
   SInv:      It lets you see invisible.
   *Slow:     It may slow you when you take damage.
Missiles
 F - 143 sling bullets
 M - 2 throwing nets
Armour
 h - a +2 pair of gloves of archery
 m - a +5 tower shield (worn)
 q - the +2 pair of gloves of Sif Muna's Scorn (worn) {Fly rC+ Regen+ Str-5}
   (You found it on level 13 of the Dungeon)

   Str:       It affects your strength (-5).
   rC:        It protects you from cold.
   Fly:       It grants you flight.
   Regen:     It increases your rate of health regeneration.
 u - a +2 pair of boots (worn)
 D - a +2 helmet (worn)
 J - a +2 plate armour of fire resistance (worn)
 N - a +2 cloak of preservation (worn)
Jewellery
 c - an amulet of the acrobat
 o - a ring of see invisible (left hand)
 s - a ring of willpower (right hand)
 z - a ring of flight
 B - the amulet "Raeranni" (around neck) {Spirit rPois Regen+ Str+3}
   (You acquired it on level 3 of the Dungeon)

   [amulet of guardian spirit]

   It causes incoming damage to be divided between your reserves of health and
   magic.
   Str:       It affects your strength (+3).
   rPois:     It protects you from poison.
   Regen:     It increases your rate of health regeneration.
 C - a ring of protection from cold
 E - an amulet of reflection
 L - a ring of resist corrosion
 S - the ring "Foiz" {rF- rC+ AC+4 Str+4}
   (You found it on level 1 of the Vaults)

   [ring of protection]

   AC:        It affects your AC (+4).
   Str:       It affects your strength (+4).
   rF:        It makes you vulnerable to fire.
   rC:        It protects you from cold.
Wands
 O - a wand of flame (19) (quivered)
Scrolls
 d - 15 scrolls of identify
 e - 12 scrolls of teleportation
 g - 4 scrolls of fear
 i - 7 scrolls of fog
 l - 6 scrolls of immolation
 v - 7 scrolls of magic mapping
 w - 2 scrolls of silence
 y - a scroll of blinking
 H - 2 scrolls of summoning
 I - 4 scrolls of brand weapon
 K - 4 scrolls of enchant weapon
Potions
 f - 7 potions of mutation
 j - 10 potions of brilliance
 k - 10 potions of haste
 n - 3 potions of might
 p - 15 potions of curing
 r - 8 potions of heal wounds
 t - 3 potions of lignification
 x - 5 potions of berserk rage
 A - 2 potions of ambrosia
 G - 2 potions of invisibility
 Q - a potion of cancellation
 R - a potion of magic


   Skills:
 + Level 19.4 Fighting
 + Level 16.3 Maces & Flails
 + Level 11.9 Slings
 + Level 17.9 Armour
 + Level 5.1 Dodging
 + Level 16.8 Shields
 - Level 13.0 Invocations


You had 19 spell levels left.
You didn't know any spells.
Your spell library contained the following spells:

 Spells                   Type           Power      Damage    Failure   Level
 Sting                    Tmut/Pois      0%         1d3       100%        1
 Blink                    Tloc           N/A        N/A       100%        2
 Ensorcelled Hibernation  Hex/Ice        0%         N/A       100%        2
 Poisonous Vapours        Pois/Air       0%         N/A       100%        2
 Slow                     Hex            0%         N/A       100%        2
 Sublimation of Blood     Necr           0%         N/A       100%        2
 Wereblood                Tmut           0%         N/A       100%        2
 Confusing Touch          Hex            0%         N/A       100%        3
 Frozen Ramparts          Ice            0%         1d2       100%        3
 Ozocubu's Armour         Ice            0%         N/A       100%        3
 Spider Form              Tmut/Pois      0%         N/A       100%        3
 Summon Guardian Golem    Hex/Summ       0%         N/A       100%        3
 Tukima's Dance           Hex            0%         N/A       100%        3
 Vampiric Draining        Necr           0%         2d6       100%        3
 Animate Armour           Summ/Erth      0%         N/A       100%        4
 Animate Dead             Necr           0%         N/A       100%        4
 Ice Form                 Ice/Tmut       0%         N/A       100%        4
 Leda's Liquefaction      Hex/Erth       0%         N/A       100%        4
 Olgreb's Toxic Radiance  Pois           0%         N/A       100%        4
 Passage of Golubria      Tloc           N/A        N/A       100%        4
 Summon Ice Beast         Ice/Summ       0%         N/A       100%        4
 Blade Hands              Tmut           0%         N/A       100%        5
 Bolt of Magma            Conj/Fire/Erth 0%         4d4       100%        5
 Iskenderun's Battlesphe  Conj           0%         2d6       100%        5
 Manifold Assault         Tloc           0%         N/A       100%        5
 Summon Mana Viper        Hex/Summ       0%         N/A       100%        5
 Yara's Violent Unravell  Hex/Tmut       0%         3d3       100%        5
 Iron Shot                Conj/Erth      0%         9d1       100%        6
 Shadow Creatures         Summ           N/A        N/A       100%        6
 Statue Form              Tmut/Erth      0%         N/A       100%        6
 Haunt                    Necr/Summ      0%         N/A       100%        7
 Monstrous Menagerie      Summ           0%         N/A       100%        7
 Orb of Destruction       Conj           0%         N/A       100%        7
 Ozocubu's Refrigeration  Ice            0%         4d5       100%        7
 Spellforged Servitor     Conj/Summ      0%         N/A       100%        7
 Storm Form               Tmut/Air       0%         N/A       100%        7
 Summon Hydra             Summ           0%         N/A       100%        7
 Borgnjor's Revivificati  Necr           0%         N/A       100%        8
 Infestation              Necr           0%         N/A       100%        8
 Necromutation            Tmut/Necr      0%         N/A       100%        8
 Death's Door             Necr           0%         N/A       100%        9


Dungeon Overview and Level Annotations

Branches:
Dungeon (15/15)            Temple (1/1) D:4            Lair (6/6) D:10
  Swamp (4/4) Lair:4       Spider (4/4) Lair:2        Slime (0/5) Lair:6
    Orc (2/2) D:9             Elf (1/3) Orc:2        Vaults (4/5) D:14
  Crypt (0/3) Vaults:2     Depths (0/5) D:15        Ossuary (visited)
 WizLab (1/1)

Altars:
Ashenzari
Cheibriados
Dithmenos
Elyvilon
Fedhas
Gozag
Hepliaklqana
Kikubaaqudgha
Makhleb
Nemelex Xobeh
Okawaru
Qazlal
Ru
Sif Muna
Trog
Uskayaw
Vehumet
Wu Jian
Xom
Yredelemnul
Zin
The Shining One
Beogh

Shops:
D:1 (   D:2 :[(   D:3 [   D:6 ([*?*   Orc:2 (*=   Elf:1 :?*   Vaults:1 (
Vaults:2 (   Vaults:3 :

Portals:
Abyss: D:13

Annotations:
Spider:4 exclusion: 3 doors


Message History

The blizzard demon waves its arms in wide circles.
The air twists around and strikes you!
* * * LOW HITPOINT WARNING * * *
You sock Yhimasil! You burn Yhimasil.
Yhimasil is moderately wounded.
The spriggan air mage gestures at you while chanting.
The bolt of lightning hits you!!!
* * * LOW HITPOINT WARNING * * *
You block the spark wasp's attack.
The shock serpent shoots out a bolt of lightning at you!
The bolt of electricity hits you!
* * * LOW HITPOINT WARNING * * *
The bolt of electricity hits the blizzard demon.
The blizzard demon completely resists.
You block Yhimasil's attack.
You hit Yhimasil. You burn Yhimasil.
Yhimasil is moderately wounded.
The spark wasp stings you but does no damage.
The blizzard demon hits you but does no damage.
You block the blizzard demon's attack.
You block the spriggan air mage's attack.
Yhimasil mumbles some strange words.
A freezing vortex appears around Yhimasil!
The spark wasp stings you but does no damage.
Unknown command.
You sock Yhimasil! You burn Yhimasil.
Yhimasil is heavily wounded.
* * * LOW HITPOINT WARNING * * *
The shock serpent's electric aura discharges, shocking Yhimasil!
Yhimasil resists.
You block the shock serpent's attack. The blizzard demon gestures at you.
The bolt of cold misses you.
You block the spriggan air mage's attack.
You block the shock serpent's attack.
Unknown command.
You thump the spark wasp! You burn the spark wasp.
The spark wasp is heavily wounded.
You are engulfed in whirling frost.
The shock serpent dies!
You die...
Your body rises from the dead as a mindless zombie.

≈≈≈≈≈≈≈####################......
≈≈≈≈≈###.........................
≈≈≈###...≈≈≈≈≈≈≈≈≈≈≈≈≈≈≈≈≈≈≈≈≈≈≈≈
≈≈##...≈≈≈####################≈≈≈
≈≈#..≈≈≈≈≈########### ## ###≈
≈##.≈≈≈≈≈≈##§.#§§#§.#..# ##
≈#..≈≈≈≈≈≈#§..§§§§§..§§.
##.≈≈≈≈≈≈≈#§§.§@§t§.....
#..≈≈≈≈≈≈≈#.§§§2@§.....§
#.........†.§§§yi§§.....
#..≈≈≈≈≈≈≈#§§§§§§.§...§§
##.≈≈≈≈≈≈≈#.§.........§§
≈#..≈≈≈≈≈≈#.§§§.......§.
≈##.≈≈≈≈≈≈##§§#..#..#..#
≈≈#..≈≈≈≈≈##############
≈≈##...≈≈≈# ≈≈≈###...≈≈≈≈


You could see Yhimasil the Cloud Mage (vortex), a blizzard demon, a spark wasp,
an apocalypse crab and a spriggan air mage (repels missiles).

Vanquished Creatures
  Saint Roka (Orc:2)
  Nikola (Spider:2)
  Asterion (Vaults:1)
  A quicksilver dragon (shapeshifter) (D:15)
  Gastronok (D:11)
  Frances (Spider:2)
  2 thorn hunters
  6 vault wardens
  A ghoul (Swamp:1)
  2 emperor scorpions
  4 ironbound preservers
  3 very ugly things
  Nessos (Lair:4)
  Azrael (D:12)
  2 spark wasps
  2 bunyips
  2 entropy weavers
  The ghost of Leinaam the Severer, a journeyman MiBe of Trog (D:13)
  An ettin (D:9)
  An eleionoma (Swamp:1)
  2 blizzard demons (WizLab)
  A yaktaur captain (Vaults:3)
  11 hydras
  2 ironbound thunderhulks
  2 great orbs of eyes
  2 rakshasas
  A spriggan air mage (WizLab)
  5 ogre magi
  4 boulder beetles
  7 vault guards
  5 centaur warriors
  A ghost crab (WizLab)
  A death knight (Vaults:2)
  4 catoblepae
  Erica (D:11)
  7 alligators
  6 tengu warriors
  2 ironbound frosthearts
  12 two-headed ogres
  A dancing weapon (Elf:1)
  3 death yaks (Lair:6)
  2 ironbound beastmasters (Vaults:1)
  A shock serpent (WizLab)
  3 deep elf knights
  A wretched star (D:13)
  5 skeletal warriors (D:14)
  3 bog bodies
  16 deep trolls
  2 goliath frogs
  A wizard (D:13)
  A glowing orange brain (D:13)
  4 spriggan druids
  2 swamp dragons
  2 orc knights
  4 deep elf pyromancers
  7 ironbound convokers
  3 lindwurms
  A harpy (shapeshifter) (D:14)
  12 ugly things
  17 wolf spiders
  13 orb spiders
  3 oklob plants
  4 manticores
  2 will-o-the-wisps
  A cyclops (D:15)
  2 elephants (Lair:2)
  2 moths of wrath (Spider:2)
  Maurice (D:11)
  3 apocalypse crabs (WizLab)
  8 black mambas
  An ice statue (Lair:4)
  3 vault sentinels
  A torpor snail (Lair:6)
  4 gargoyles
  16 cane toads
  A cane toad (shapeshifter) (D:10)
  6 yaktaurs
  A freezing wraith (Vaults:1)
  2 kobold demonologists (D:13)
  5 komodo dragons
  An unseen horror (D:9)
  6 demonic crawlers
  2 tengu conjurers (D:15)
  22 jumping spiders
  3 meliai (D:14)
  2 wind drakes (WizLab)
  3 tyrant leeches
  2 polar bears (D:13)
  7 trolls
  15 hornets
  12 blink frogs
  9 dream sheep
  20 slime creatures
  11 air elementals
  Sigmund (D:8)
  56 redbacks
  5 spriggans
  20 tarantellas
  50 yaks
  2 vampires
  A yak (shapeshifter) (D:14)
  4 hogs (D:12)
  A golden eye (shapeshifter) (Vaults:1)
  7 wyverns
  3 fire elementals
  A human (D:12)
  A fire bat (shapeshifter) (D:13)
  2 steam dragons (D:8)
  3 basilisks
  3 vampire mosquitoes
  13 water moccasins
  5 acid dragons
  7 swamp worms
  A meliai simulacrum (D:14)
  2 hell hounds (D:12)
  3 swamp drakes
  11 orc warriors
  A sky beast (D:3)
  7 black bears
  5 ice beasts
  23 ogres
  2 necrophages (D:6)
  17 centaurs
  A phantom (D:6)
  3 wolves (D:10)
  A human skeleton (Vaults:2)
  4 kobold brigands
  A wyvern zombie (D:6)
  9 bullfrogs
  2 earth elementals (Elf:1)
  A gnoll sergeant (D:7)
  2 scorpions
  A water moccasin zombie (D:5)
  13 killer bees
  4 howler monkeys
  7 wights
  2 vampire bats (D:4)
  An electric eel (Lair:2)
  2 centaur skeletons
  4 hounds
  2 bullfrog zombies
  5 centaur zombies
  A jelly (D:7)
  Crazy Yiuf (D:3)
  A bullfrog skeleton (D:6)
  11 orc priests
  A gnoll shaman (D:8)
  Terence (D:2)
  10 orc wizards
  2 killer bee zombies
  A black mamba zombie (Lair:1)
  5 mummies (Ossuary)
  Robin (D:1)
  2 howler monkey zombies
  A cane toad zombie (Lair:1)
  15 gnolls
  4 adders
  A white imp (D:7)
  2 blink frog zombies (Lair:1)
  2 dart slugs (D:1)
  34 orcs
  5 ball pythons
  2 bat skeletons (D:4)
  3 bat zombies (D:4)
  2 endoplasms
  2 giant cockroaches
  20 goblins
  10 hobgoblins
  4 quokkas
  4 bats
  3 frilled lizards
  6 hobgoblin zombies (Ossuary)
  28 kobolds
  6 rats
  2 briar patches (Swamp:4)
  A plant (Lair:6)
912 creatures vanquished.

Vanquished Creatures (collateral kills)
  A sphinx (Vaults:1)
  2 thorn hunters
  Donald (Vaults:1)
  Kirke (D:12)
  The ghost of emdikay the Severer, an adept GrBe of Trog (Spider:4)
  2 ghost moths (Spider:4)
  2 vault wardens
  3 emperor scorpions (Spider:4)
  8 ironbound preservers
  3 ghouls
  4 very ugly things
  4 war gargoyles (Vaults:3)
  2 entropy weavers
  An eleionoma (Swamp:4)
  A dire elephant (Vaults:2)
  2 spark wasps (Spider:4)
  4 bunyips
  A deep elf death mage (Vaults:1)
  6 great orbs of eyes
  2 yaktaur captains
  10 hydras
  3 vault guards
  2 peacekeepers (Vaults:3)
  An ice dragon (Swamp:4)
  A death knight (Vaults:2)
  A catoblepas (Lair:6)
  A ghost crab (Swamp:4)
  3 boulder beetles
  2 centaur warriors (Vaults:1)
  8 two-headed ogres
  2 ironbound thunderhulks
  4 ironbound frosthearts
  A dancing weapon (Elf:1)
  A death yak (Lair:6)
  3 alligators
  An orc high priest (Elf:1)
  An ironbound beastmaster (Vaults:2)
  3 deep elf knights (Elf:1)
  A shadow wraith (Vaults:2)
  5 goliath frogs
  A death drake (Swamp:1)
  3 deep elf archers (Elf:1)
  27 deep trolls
  3 spriggan druids (Swamp:4)
  5 ironbound convokers
  5 bog bodies
  7 swamp dragons
  3 wizards
  4 lindwurms
  A deep elf pyromancer (Elf:1)
  8 orb spiders
  6 deep elf zephyrmancers (Elf:1)
  2 oklob plants
  2 necromancers
  7 wolf spiders
  7 ugly things
  A stone giant zombie (Vaults:2)
  5 orc knights (Elf:1)
  2 will-o-the-wisps (Swamp:3)
  A centaur zombie (D:10)
  6 vault sentinels
  4 black mambas
  An elephant (Lair:2)
  4 torpor snails
  A yaktaur zombie (Vaults:2)
  Psyche (D:10)
  A cane toad (Lair:4)
  An unseen horror (D:12)
  A human zombie (Vaults:2)
  A komodo dragon (Lair:4)
  17 yaktaurs
  A freezing wraith (Lair:4)
  3 demonic crawlers
  A human skeleton (Vaults:1)
  31 jumping spiders
  2 polar bears
  2 trolls
  4 tyrant leeches
  15 hornets
  10 blink frogs
  A slime creature (shapeshifter) (Vaults:3)
  A deep troll zombie (Vaults:1)
  16 slime creatures
  Prince Ribbit (Lair:1)
  A water elemental (Elf:1)
  9 tarantellas
  13 yaks
  45 redbacks
  12 spriggans
  An air elemental (Elf:1)
  3 fire elementals
  5 basilisks
  4 hogs (D:12)
  6 vampire mosquitoes
  2 wargs
  8 swamp worms
  4 water moccasins
  A hell hound (D:12)
  4 swamp drakes
  2 ice beasts (Lair:4)
  7 orc warriors
  2 necrophages
  12 ogres
  A centaur (D:12)
  A kobold brigand (D:13)
  5 bullfrogs
  An earth elemental (Elf:1)
  A killer bee (D:8)
  A human simulacrum (Vaults:1)
  A wight (D:10)
  5 electric eels
  3 orc priests (Orc:1)
  3 orc wizards (Orc:2)
  13 orcs
  4 kobolds (D:8)
  4 briar patches
  A fungus (Lair:4)
516 creatures vanquished.

Vanquished Creatures (others)
  3 ghouls
  An emperor scorpion (Spider:2)
  An ironbound preserver (Vaults:2)
  spectral Arachne (Spider:4)
  2 vampire knights
  An eleionoma (Swamp:4)
  A spectral frost giant (Elf:1)
  A shock serpent (WizLab)
  A deep elf knight (Elf:1)
  4 skeletal warriors
  A flayed ghost (Orc:2)
  2 phantasmal warriors
  2 spectral two-headed ogres (Orc:2)
  A spectral human (Orc:2)
  2 bloated husks
  A wind drake (WizLab)
  12 flying skulls
  5 vampires
  A tarantella (Spider:4)
  3 wraiths
  A swamp worm (Swamp:1)
  A bunyip skeleton (Swamp:4)
  An entropy weaver zombie (Spider:1)
  A wight (Lair:1)
  A bunyip zombie (Swamp:4)
  7 wolf spider zombies
  A dire elephant zombie (Vaults:2)
  3 swamp worm zombies (Swamp:2)
  A goliath frog zombie (Swamp:4)
  2 boulder beetle zombies
  3 hydra zombies
  An emperor scorpion zombie (Spider:4)
  6 spriggan zombies (Swamp:2)
  A black mamba skeleton (Lair:3)
  2 ghoul skeletons
  30 redback zombies
  14 tarantella zombies
  11 hornet zombies
  14 jumping spider zombies
  A demonic crawler zombie (Spider:2)
  A moth of wrath zombie (Spider:2)
  6 orb spider zombies
  3 wind drake zombies (WizLab)
  A two-headed ogre zombie (D:10)
  An alligator skeleton (Swamp:4)
  2 bog body skeletons
  2 vampire mosquito zombies (D:12)
  A black mamba zombie (Lair:1)
  2 wolf zombies (D:10)
  An apocalypse crab zombie (WizLab)
  3 black bear zombies
  7 blink frog zombies
  A dream sheep zombie (D:13)
  A ghost crab zombie (WizLab)
  4 komodo dragon zombies
  2 polar bear zombies
  2 swamp dragon zombies
  A warg zombie (Orc:1)
  5 water moccasin zombies
  2 wyvern zombies
  5 cane toad zombies
  2 hog zombies (D:12)
  2 acid dragon zombies
  A basilisk zombie (Lair:5)
  3 tengu zombies (D:15)
  7 yak zombies
  3 bullfrog zombies
  7 centaur zombies
  An electric eel zombie (Lair:5)
  A gnoll zombie (D:8)
  A hound zombie (D:13)
  A howler monkey zombie (D:6)
  5 human zombies
  2 killer bee zombies
  9 kobold zombies
  6 ogre zombies
  2 orc skeletons (Orc:1)
  15 orc zombies
  2 spriggan skeletons (Swamp:4)
  2 swamp drake skeletons (Swamp:4)
  A troll zombie (D:12)
  8 briar patches (Swamp:4)
  29 foxfires
  56 fungi
  122 plants
  7 toadstools (Swamp:1)
496 creatures vanquished.

Grand Total: 1924 creatures vanquished

Notes
Turn   | Place    | Note
-------+----------+-------------------------------------------
     0 | D:1      | makewrite the Hill Orc Fighter began the quest for the Orb.
     0 | D:1      | Reached XP level 1. HP: 19/19 MP: 1/1
   168 | D:1      | Reached XP level 2. HP: 27/27 MP: 2/2
   172 | D:1      | Reached skill level 4 in Fighting
   224 | D:1      | Found Nuku's Weapon Shop.
   626 | D:1      | Reached XP level 3. HP: 33/33 MP: 3/3
   770 | D:2      | Noticed Robin
  1452 | D:1      | Killed Robin
  1716 | D:2      | Noticed Terence
  1847 | D:1      | Reached XP level 4. HP: 38/40 MP: 4/4
  2194 | D:2      | Found Soannas's Antique Weapon Boutique.
  2204 | D:2      | Found Iruicup's Armour Shoppe.
  2264 | D:2      | Killed Terence
  2265 | D:2      | Reached XP level 5. HP: 26/46 MP: 5/5
  2268 | D:2      | Reached skill level 1 in Dodging
  2856 | D:2      | Found Hitte's Book Boutique.
  2943 | D:2      | Found a stormy altar of Qazlal.
  3263 | D:3      | Found a runed translucent door.
  3264 | D:3      | Noticed Crazy Yiuf
  3467 | D:3      | Found a faded altar of an unknown god.
  3599 | D:3      | Found a sparkling altar of Nemelex Xobeh.
  3599 | D:3      | You fall into a shaft and drop 1 floor!
  3663 | D:3      | Noticed a sky beast
  4009 | D:3      | Killed a sky beast
  4010 | D:3      | Reached XP level 6. HP: 11/53 MP: 6/6
  4419 | D:3      | Found a shimmering blue altar of Sif Muna.
  4702 | D:3      | Found Iwoif's Antique Armour Shop.
  4707 | D:3      | Bought a pair of gloves for 85 gold pieces
  4759 | D:3      | Killed Crazy Yiuf
  5028 | D:4      | Reached skill level 5 in Maces & Flails
  5046 | D:4      | Noticed a black bear
  5049 | D:4      | Killed a black bear
  5252 | D:4      | Found a staircase to the Ecumenical Temple.
  5287 | D:4      | Reached XP level 7. HP: 60/60 MP: 7/7
  5447 | D:4      | Found an ancient bone altar of Kikubaaqudgha.
  5534 | Temple   | Entered the Ecumenical Temple
  5595 | Temple   | Became a worshipper of Yredelemnul the Dark
  5629 | D:5      | Entered Level 5 of the Dungeon
  6271 | D:5      | Reached skill level 5 in Armour
  6271 | D:5      | Reached skill level 5 in Shields
  6329 | D:5      | Reached XP level 8. HP: 42/67 MP: 8/10
  6490 | D:5      | Found a shadowy altar of Dithmenos.
  6681 | D:5      | Reached skill level 5 in Fighting
  6771 | D:5      | Found a white marble altar of Elyvilon.
  6946 | D:5      | Noticed a yak
  6946 | D:5      | Noticed a yak
  6946 | D:5      | Noticed a yak
  6946 | D:5      | Noticed a yak
  6946 | D:5      | Noticed a yak
  6947 | D:5      | Noticed a yak
  6962 | D:5      | Killed a yak
  6976 | D:5      | Killed a yak
  6980 | D:5      | Killed a yak
  6998 | D:5      | Killed a yak
  6999 | D:5      | Reached XP level 9. HP: 20/74 MP: 10/12
  7673 | D:5      | Reached skill level 6 in Fighting
  8162 | D:6      | Found Nuebamp's Magic Scroll Shop.
  8176 | D:6      | Bought a scroll of enchant armour for 97 gold pieces
  8176 | D:6      | Bought a scroll of identify for 26 gold pieces
  8176 | D:6      | Bought a scroll of identify for 26 gold pieces
  8183 | D:6      | Bought a scroll of identify for 26 gold pieces
  8204 | D:6      | Found a sand-covered staircase.
  8209 | Ossuary  | Entered an ossuary
  8236 | Ossuary  | Reached * piety under Yredelemnul
  8359 | D:6      | Reached skill level 10 in Maces & Flails
  8359 | D:6      | Reached skill level 5 in Invocations
  8627 | D:6      | Found Jynicoju's General Store.
  8824 | D:6      | Found Hiho's Assorted Antiques.
  9115 | D:6      | Found Ziso's Weapon Shop.
  9195 | D:6      | Found Hejokow's Antique Armour Shop.
  9517 | D:6      | Reached XP level 10. HP: 84/84 MP: 14/14
  9641 | D:6      | Reached ** piety under Yredelemnul
  9821 | D:7      | Found a radiant altar of Vehumet.
 10010 | D:7      | Found a glowing golden altar of the Shining One.
 10036 | D:7      | Found an ornate altar of the Wu Jian Council.
 10297 | D:7      | Found a snail-covered altar of Cheibriados.
 11200 | D:8      | Noticed Sigmund
 11207 | D:8      | Killed Sigmund
 11564 | D:9      | Killed an unseen horror
 11726 | D:9      | Found a staircase to the Orcish Mines.
 12065 | D:9      | Reached *** piety under Yredelemnul
 12078 | D:9      | Reached skill level 7 in Fighting
 12606 | D:10     | Entered Level 10 of the Dungeon
 12631 | D:10     | Found a hide-covered altar of Uskayaw.
 12684 | D:10     | Noticed a cane toad
 12700 | D:10     | Killed a cane toad
 12718 | D:10     | Reached XP level 11. HP: 72/92 MP: 16/16
 12979 | D:10     | Found a broken altar of Ashenzari.
 13154 | D:10     | Found a stormy altar of Qazlal.
 13156 | D:10     | Noticed Psyche
 13186 | D:10     | Killed Psyche
 13186 | D:10     | Reached **** piety under Yredelemnul
 13322 | D:10     | Your ally Psyche died
 13385 | D:10     | Found a staircase to the Lair.
 13826 | D:2      | Bought the +0 chain mail of Indomitability {rPois} for 219
                  | gold pieces
 13929 | D:6      | Bought a scroll labelled ZYUTRAVITIS for 33 gold pieces
 13929 | D:6      | Identified 2 scrolls of acquirement
 13929 | D:6      | Acquired 854 gold pieces
 13931 | D:6      | Bought a scroll of identify for 66 gold pieces
 13931 | D:6      | Bought a scroll of identify for 66 gold pieces
 14117 | D:6      | Bought a scroll of brand weapon for 260 gold pieces
 14209 | D:3      | Bought a pair of runed gloves for 142 gold pieces
 14220 | D:3      | Acquired the amulet "Raeranni" {Spirit rPois Regen+ Str+3}
 14453 | Lair:1   | Entered Level 1 of the Lair of Beasts
 14837 | Lair:1   | Noticed Prince Ribbit
 14841 | Lair:1   | Killed Prince Ribbit
 14871 | Lair:1   | Received a gift from Yredelemnul (a wight)
 14876 | Lair:1   | Your ally Prince Ribbit died
 15032 | Lair:1   | Reached skill level 8 in Fighting
 15174 | Lair:1   | Noticed a five-headed hydra
 15182 | Lair:1   | Killed a five-headed hydra
 15242 | Lair:1   | Reached XP level 12. HP: 99/101 MP: 18/18
 15737 | D:2      | Bought a +4 chain mail of cold resistance for 441 gold
                  | pieces
 16420 | Lair:2   | Noticed a catoblepas
 16436 | Lair:2   | Killed a catoblepas
 16618 | Lair:2   | Found a hole to the Spider Nest.
 17317 | Lair:3   | Reached skill level 9 in Fighting
 17317 | Lair:3   | Reached skill level 10 in Invocations
 17339 | Lair:3   | Received a gift from Yredelemnul (5 flying skulls)
 17747 | Lair:3   | Reached skill level 15 in Maces & Flails
 17747 | Lair:3   | Reached skill level 10 in Shields
 17747 | Lair:3   | Reached XP level 13. HP: 91/111 MP: 20/20
 17921 | Lair:3   | Received a gift from Yredelemnul (a wraith)
 19116 | Lair:4   | Noticed Nessos
 19386 | Lair:4   | Received a gift from Yredelemnul (5 flying skulls)
 19525 | Lair:4   | Reached ***** piety under Yredelemnul
 19746 | Lair:4   | Killed Nessos
 19819 | Lair:4   | Found a staircase to the Swamp.
 21073 | Lair:5   | Identified the +5 hunting sling "Secret Weapon" {speed,
                  | *Slow rC+ SInv}
 22535 | Lair:6   | Entered Level 6 of the Lair of Beasts
 22590 | Lair:6   | Reached skill level 1 in Slings
 22604 | Lair:6   | Received a gift from Yredelemnul (2 flying skulls)
 22884 | Lair:6   | Reached skill level 10 in Fighting
 23081 | Lair:6   | Reached skill level 10 in Armour
 23083 | Lair:6   | Found a staircase to the Slime Pits.
 23387 | Lair:6   | Reached XP level 14. HP: 121/121 MP: 23/23
 23703 | Lair:6   | Identified the +9 battleaxe "Lunop" {venom, +Blink Fly rC++
                  | Int-3}
 24310 | Lair:6   | Received a gift from Yredelemnul (a wraith)
 25034 | D:11     | Noticed Maurice
 25038 | D:11     | Killed Maurice
 25061 | D:11     | Noticed Erica
 25077 | D:11     | Killed Erica
 25344 | D:11     | Noticed Gastronok
 25355 | D:11     | Killed Gastronok
 25355 | D:11     | Received a gift from Yredelemnul (a vampire)
 25356 | D:11     | Reached skill level 5 in Slings
 25953 | D:12     | Received a gift from Yredelemnul (a wraith)
 26179 | D:12     | Reached skill level 11 in Fighting
 26189 | D:12     | Noticed Kirke
 26191 | D:12     | Received a gift from Yredelemnul (a skeletal warrior)
 26214 | D:12     | Killed Kirke
 26518 | D:12     | Noticed Azrael
 26535 | D:12     | Killed Azrael
 26683 | D:12     | Reached XP level 15. HP: 124/130 MP: 22/24
 26841 | D:13     | Found a transporter.
 27005 | D:13     | Found a transporter.
 27165 | D:13     | Found a one-way gate to the infinite horrors of the Abyss.
 27165 | D:13     | Noticed Leinaam's ghost (journeyman MiBe)
 27641 | D:13     | Found a huge runed translucent gate.
 27642 | D:13     | Found a huge runed translucent gate.
 27651 | D:13     | Found a huge runed translucent gate.
 27651 | D:13     | Found a huge runed translucent gate.
 27746 | D:13     | Reached ****** piety under Yredelemnul
 28763 | D:13     | Found a transporter.
 28816 | D:13     | Found a transporter.
 28877 | D:13     | Found a one-way gate to the infinite horrors of the Abyss.
 29023 | D:13     | Killed Leinaam's ghost
 29035 | D:13     | Received a gift from Yredelemnul (a phantasmal warrior)
 29315 | D:13     | Identified the +2 pair of gloves of Sif Muna's Scorn {Fly
                  | rC+ Regen+ Str-5}
 29541 | D:3      | Bought a shiny plate armour for 494 gold pieces
 29877 | D:14     | Reached skill level 12 in Fighting
 30727 | D:14     | Found a gate to the Vaults.
 30935 | D:15     | Entered Level 15 of the Dungeon
 31593 | D:15     | Reached XP level 16. HP: 141/141 MP: 21/25
 31655 | D:15     | Found a staircase to the Depths.
 31742 | D:15     | Noticed an azure jelly
 31743 | D:15     | an azure jelly changed into a dire elephant
 31750 | D:15     | Noticed an iron giant
 31750 | D:15     | a dire elephant changed into an iron giant
 31755 | D:15     | Noticed a quicksilver dragon
 31755 | D:15     | an iron giant changed into a quicksilver dragon
 31759 | D:15     | Killed a quicksilver dragon
 31759 | D:15     | Received a gift from Yredelemnul (a flayed ghost)
 32428 | Orc:1    | Entered Level 1 of the Orcish Mines
 32925 | Orc:1    | Received a gift from Yredelemnul (a vampire)
 32925 | Orc:1    | Noticed Harold
 32947 | Orc:1    | Killed Harold
 32947 | Orc:1    | Enslaved Harold
 33415 | Orc:2    | Entered Level 2 of the Orcish Mines
 33707 | Orc:2    | Noticed Saint Roka
 33721 | Orc:2    | Your ally Harold died
 34518 | Orc:2    | Received a gift from Yredelemnul (a vampire knight)
 34736 | Orc:2    | Killed Saint Roka
 34737 | Orc:2    | Reached skill level 13 in Fighting
 34843 | Orc:2    | Found a staircase to the Elven Halls.
 34854 | Orc:2    | Received a gift from Yredelemnul (a skeletal warrior)
 35302 | Orc:2    | Found a roughly hewn altar of Beogh.
 35444 | Orc:2    | Found Mecas's Antique Weapon Shoppe.
 35444 | Orc:2    | Found Dogiucix's General Store.
 35445 | Orc:2    | Found Giesis's Jewellery Boutique.
 35445 | Orc:2    | Found Qeamuos's Magic Scroll Emporium.
 35489 | Orc:2    | Bought a scroll of acquirement for 936 gold pieces
 35520 | Orc:2    | Acquired a +1 cloak of preservation
 35805 | Spider:1 | Entered Level 1 of the Spider Nest
 35878 | Spider:1 | Received a gift from Yredelemnul (a vampire)
 36092 | Spider:1 | Reached skill level 15 in Shields
 36658 | Spider:2 | Noticed Nikola
 36684 | Spider:2 | Killed Nikola
 36803 | Spider:2 | Reached skill level 14 in Fighting
 36964 | Spider:2 | Reached XP level 17. HP: 152/152 MP: 24/26
 37247 | Spider:2 | Noticed Frances
 37260 | Spider:2 | Killed Frances
 38504 | Spider:2 | Received a gift from Yredelemnul (a vampire)
 39047 | Spider:2 | Received a gift from Yredelemnul (a vampire)
 39777 | Spider:4 | Entered Level 4 of the Spider Nest
 39780 | Spider:4 | Noticed Arachne
 40209 | Spider:4 | Reached skill level 15 in Fighting
 40522 | Spider:4 | Reached skill level 10 in Slings
 40669 | Spider:4 | Found a runed translucent door.
 40670 | Spider:4 | Noticed emdikay's ghost (adept GrBe)
 41133 | Spider:4 | Paralysed by a hornet for 2 turns
 41154 | Spider:3 | Killed Arachne
 41154 | Spider:3 | Enslaved Arachne
 41351 | Spider:4 | Your ally Arachne died
 41376 | Spider:4 | Received a gift from Yredelemnul (a ghoul)
 41451 | Spider:4 | Received a gift from Yredelemnul (a vampire knight)
 41691 | Spider:4 | Killed emdikay's ghost
 41948 | Spider:3 | Identified the +3 quarterstaff "Tuadais" {drain, rCorr}
 42067 | Spider:4 | Received a gift from Yredelemnul (a skeletal warrior)
 42565 | Spider:4 | Got a gossamer rune of Zot
 42818 | Swamp:1  | Entered Level 1 of the Swamp
 42869 | Swamp:1  | Received a gift from Yredelemnul (a bone dragon)
 42882 | Swamp:1  | Reached XP level 18. HP: 163/163 MP: 21/27
 43315 | Swamp:1  | Reached skill level 15 in Armour
 43927 | Swamp:2  | Reached skill level 16 in Fighting
 44363 | Swamp:2  | Received a gift from Yredelemnul (a ghoul)
 45304 | Swamp:3  | Received a gift from Yredelemnul (a profane servitor)
 46002 | Swamp:4  | Entered Level 4 of the Swamp
 46006 | Swamp:4  | Received a gift from Yredelemnul (a skeletal warrior)
 47104 | Swamp:4  | Received a gift from Yredelemnul (a vampire knight)
 47383 | Swamp:4  | Got a decaying rune of Zot
 47715 | Vaults:1 | Entered Level 1 of the Vaults
 47765 | Vaults:1 | Reached skill level 17 in Fighting
 47869 | Vaults:1 | Noticed Donald
 47882 | Vaults:1 | Killed Donald
 48084 | Vaults:1 | Received a gift from Yredelemnul (a profane servitor)
 48100 | Vaults:1 | Reached XP level 19. HP: 169/177 MP: 22/28
 48822 | Vaults:1 | Found Plog's Antique Weapon Shoppe.
 48968 | Vaults:1 | Identified the ring "Foiz" {rF- rC+ AC+4 Str+4}
 49063 | Vaults:1 | Noticed Asterion
 49081 | Vaults:1 | Killed Asterion
 49098 | Vaults:1 | Received a gift from Yredelemnul (a ghoul)
 49118 | Vaults:1 | Reached skill level 18 in Fighting
 49560 | Vaults:2 | Found Suwao's Antique Weapon Shop.
 49653 | Vaults:2 | Reached skill level 5 in Dodging
 49683 | Vaults:2 | Received a gift from Yredelemnul (a phantasmal warrior)
 50430 | Vaults:2 | Found a staircase to the Crypt.
 51614 | Vaults:3 | Found Naummeegg's Book Shop.
 51745 | Vaults:3 | You are sucked into a shaft and drop 1 floor!
 51954 | Vaults:4 | Reached skill level 19 in Fighting
 52317 | Vaults:4 | Received a gift from Yredelemnul (a vampire)
 52325 | Vaults:4 | Reached XP level 20. HP: 180/191 MP: 22/29
 52627 | Vaults:3 | Paralysed by a great orb of eyes for 3 turns
 52661 | Vaults:3 | Received a gift from Yredelemnul (a ghoul)
 53033 | Vaults:3 | Received a gift from Yredelemnul (a phantasmal warrior)
 53704 | Vaults:3 | Received a gift from Yredelemnul (a skeletal warrior)
 54460 | Elf:1    | Entered Level 1 of the Elven Halls
 54462 | Elf:1    | Paralysed by an air elemental for 1 turns
 54466 | Elf:1    | Paralysed by an air elemental for 1 turns
 54594 | Elf:1    | Found Bez Bemn's General Store.
 54598 | Elf:1    | Found Lurorr's Magic Scroll Shoppe.
 54622 | Elf:1    | Bought a scroll of enchant armour for 112 gold pieces
 54622 | Elf:1    | Bought a scroll of enchant weapon for 112 gold pieces
 54666 | Elf:1    | Found Raacs's Book Boutique.
 54687 | Elf:1    | Bought a manual of Maces & Flails for 1120 gold pieces
 54758 | Elf:1    | Received a gift from Yredelemnul (a ghoul)
 54764 | Elf:1    | Identified the +5 trident "Unetij" {drain, rN+}
 54856 | Elf:1    | Found a magical portal.
 55101 | WizLab   | Entered The Chambers of the Cloud Mage
 55154 | WizLab   | Paralysed by an air elemental for 1 turns
 55161 | WizLab   | Paralysed by an air elemental for 1 turns
 55165 | WizLab   | Paralysed by an air elemental for 1 turns
 55179 | WizLab   | Paralysed by an air elemental for 1 turns
 55194 | WizLab   | Paralysed by an air elemental for 1 turns
 55196 | WizLab   | Paralysed by an air elemental for 1 turns
 55203 | WizLab   | Paralysed by an air elemental for 1 turns
 55206 | WizLab   | Paralysed by an air elemental for 1 turns
 55209 | WizLab   | Paralysed by an air elemental for 1 turns
 55212 | WizLab   | Paralysed by an air elemental for 1 turns
 55218 | WizLab   | Paralysed by an air elemental for 1 turns
 55264 | WizLab   | Paralysed by an air elemental for 1 turns
 55269 | WizLab   | Paralysed by an air elemental for 1 turns
 55275 | WizLab   | Paralysed by an air elemental for 1 turns
 55280 | WizLab   | Paralysed by an air elemental for 1 turns
 55305 | WizLab   | Paralysed by an air elemental for 1 turns
 55380 | WizLab   | Noticed Yhimasil
 55389 | WizLab   | HP: 5/191 [shock serpent/bolt of electricity (13)]
 55391 | WizLab   | HP: 1/191 [Yhimasil the Cloud Mage/vortex (8)]
 55392 | WizLab   | Killed from afar by Yhimasil the Cloud Mage

Illustrated notes

Levels and vault maps discovered:
D:1:      amcnicky_arrival_choice, layout_loops_ring, serial_shops, shop
D:2:      layout_basic, basic_altar, serial_shops, shop_statue,
          nicolae_shop_temple_entry_statues_fountains, nicolae_square_shop,
          uniq_terence, uniq_robin
D:3:      layout_loops_cross, lemuel_crystal_altar,
          nicolae_sif_muna_little_library, hellmonk_ecumenical_altar_crossroads,
          serial_shops, shop, minmay_goblin_kobold_house,
          uniq_crazy_yiuf_cottage
D:4:      layout_rooms, kennysheep_vampire_church, minmay_temple_entry_hall,
          solitary_fountain
D:5:      layout_basic, mainiacjoe_overflow_surrounded_room, elyvilon_altar_1
D:6:      layout_loops_ring, serial_shops, shop_fountains, shop,
          kennysheep_mini_moat, nicolae_diamond_shop, nicolae_shop_statue_plus,
          enter_ossuary_5, small_statue_intersection, minmay_diced_spiral
D:7:      layout_rooms, mainiacjoe_overflow_chevrons, marbit_many_paths,
          kennysheep_mini, tso_oasis_becter, serial_curves, eino_curves_04,
          eino_curves_01, kennysheep_minor_cross
D:8:      layout_rooms, hangedman_glass_teeth, sigmund_army
D:9:      layout_irregular_city, orc_0_dummy, serial_co_window_serial,
          co_window_corner_a, co_window_corner_a, co_window_of_opportunity_a,
          co_window_paths_a, co_window_paths_a, co_window_unsneaky_path_b,
          co_window_2corner, co_window_corner_b, co_window_2corner,
          co_window_4corner_b, co_window_paths_d,
          hangedman_abyss_or_decor_lesser_grid
D:10:     layout_long_grid, evilmike_ruin_ashenzari,
          nicolae_qazlal_scattered_showers,
          nicolae_uskayaw_murder_on_the_dancefloor, minmay_lair_entry_grove,
          minmay_misc_feat_five, feat_on_display, uniq_psyche
D:11:     layout_basic, uniq_gastronok, uniq_maurice, uniq_erica
D:12:     layout_basic, serial_rivers, chequers_serial_rivers_micro_b,
          chequers_serial_rivers_micro_c, chequers_serial_rivers_small_b,
          chequers_serial_rivers_room_a, chequers_serial_rivers_small_a,
          drop_trap, st_stairs_3, grunt_livestock, uniq_kirke, uniq_azrael
D:13:     lemuel_bear_cage, layout_loops_ring, gammafunk_ghost_abyssal_escape
D:14:     layout_small_grid, david_vaults_1
D:15:     gammafunk_enter_depths_forms, layout_loops_ring
Temple:   zaba_magenta_temple
Lair:1:   layout_loops_ring, disabler_island, grunt_megastairs_4,
          lemuel_fruit_tree, lemuel_fruit_fields, uniq_prince_ribbit2
Lair:2:   layout_small_grid, spider_nest_entry_rubble, serial_bayou_pond_b,
          infiniplex_staircase_pool, grunt_megastairs_5
Lair:3:   cheibrodos_lair_overgrown_chateau, layout_small_grid,
          nicolae_quartered_pool_little
Lair:4:   layout_long_grid, swamp_mist, ice2_lemuel,
          infiniplex_staircase_pool_2, uniq_nessos
Lair:5:   layout_gridlike, cheibrodos_lair_reptile_den,
          minmay_lair_oklob_chamber
Lair:6:   evilmike_catoblepas_cave, layout_regular_city,
          minmay_slime_entry_oklob_open, chequers_serial_rivers_small_a
Swamp:1:  cheibrodos_swamp_tower_of_moss, layout_basic_swamp,
          evilmike_swamp_ruin_rubble_1
Swamp:2:  layout_falls_marsh, nicolae_swamp_feature_on_the_river_bank
Swamp:3:  layout_basic_swamp, hangedman_swamp_lotus, swamp_pool2
Swamp:4:  swamp_alternative, layout_basic_swamp
Spider:1: layout_spider_delve
Spider:2: layout_chambers, nicolae_spider_wall_of_niches,
          hangedman_spider_tarantella_strand, uniq_nikola, uniq_frances
Spider:3: layout_spider_delve
Spider:4: johnstein_spider_rune_arachne_lair, ebering_ghost_inner_flame,
          lemuel_hornet_nest
Orc:1:    layout_caves, uniq_harold
Orc:2:    st_orc_ogre_mass, layout_caves, basic_altar, uniq_saint_roka
Elf:1:    nicolae_elf_arrival_aired_out, layout_rooms, enter_trove_5,
          serial_shops, shop, mu_enter_wizlab_5, minmay_elf_annihilation,
          nicolae_elf_theology_debate, minmay_shop_star
Vaults:1: vaults_room_pool, nicolae_vaults_octagons,
          ontoclasm_vaults_ring_large, nicolae_vaults_rhombus_7,
          nicolae_vaults_little_squares_2, grunt_vaults_bifocal,
          vaults_mumra_minichess_inversion, v_rooms_4, v_misc_22,
          vaults_room_ringed_pool, nicolae_vaults_border_crossing,
          nicolae_vaults_little_squares_6, v_misc_22,
          nicolae_vaults_windows_and_doors_thing, layout_vaults_omnibox,
          serial_shops, nicolae_lakefront_shop, uniq_donald, uniq_asterion
Vaults:2: blue_anna_dwarven_crypt, vaults_dpeg_ring, hangedman_vaults_capsules,
          nicolae_vaults_little_squares_3, layout_vaults_quadrants,
          serial_shops, shop
Vaults:3: nicolae_vaults_little_squares_5, nicolae_vaults_big_angled_halls,
          vaults_dpeg_spiral, hangedman_vaults_corner, st_more_cells, v_rooms_4,
          vaults_room_corners, layout_vaults_chaotic_city, serial_shops, shop
Vaults:4: v_misc_11, vaults_room_corners, grunt_vaults_hallway_short, v_misc_29,
          ontoclasm_vaults_spin, v_rooms_3, v_alt_pattern_3, v_alt_pattern_2,
          vaults_room_fancy_cross, nicolae_vaults_diagonal_hallway_6,
          ontoclasm_vaults_fault, layout_vaults_omnicross
WizLab:   wizlab_cloud

Skill      XL: |  1  2  3  4  5  6  7  8  9 10 11 12 13 14 15 16 17 18 19 20 |
---------------+-------------------------------------------------------------+-----
Fighting       | 4 5 6 7 8 9 10 11 12 14 15 17 19 | 19.4
Armour         | 4 5 6 7 8 9 10 12 13 14 16 17 | 17.9
Maces & Flails | 3 4 5 6 9 10 12 13 15 16 | 16.3
Dodging        | 1 2 3 4 5 |  5.1
Shields        | 4 5 6 7 8 10 12 13 15 16 | 16.8
Invocations    | 2 4 5 7 8 10 12 13 | 13.0
Slings         | 3 5 7 9 11 | 11.9

Action                   |  1- 3 |  4- 6 |  7- 9 | 10-12 | 13-15 | 16-18 | 19-21 || total
-------------------------+-------+-------+-------+-------+-------+-------+-------++-------
Melee: Flail             |   120 |   198 |   221 |   322 |       |       |       ||   861
       Morningstar       |       |       |   204 |   403 |   882 |  1082 |   590 ||  3161
       Unarmed           |       |       |       |       |     4 |       |       ||     4
 Fire: Hunting sling     |       |       |       |       |    50 |    90 |       ||   140
Invok: Animate Remains   |       |       |     1 |    23 |       |       |       ||    24
       Animate Dead      |       |       |       |    31 |    42 |    93 |    12 ||   178
       Recall Undead Sla |       |       |       |       |    11 |    13 |     5 ||    29
       Drain Life        |       |       |       |       |     4 |       |     1 ||     5
       Enslave Soul      |       |       |       |       |       |     5 |     1 ||     6
Evoke: Wand              |       |     5 |     6 |     8 |       |    16 |       ||    35
  Use: Scroll            |     2 |     1 |    15 |    15 |     8 |     8 |     5 ||    54
       Potion            |       |     1 |     1 |     3 |     3 |     1 |       ||     9
 Stab: Distracted        |       |       |       |     1 |    10 |     9 |     5 ||    25
       Petrified         |       |       |       |     2 |       |       |       ||     2
       Paralysed         |       |       |       |       |       |     7 |     3 ||    10
Armor: Scale mail        |    76 |    44 |       |       |       |       |       ||   120
       Plate armour      |       |    46 |   334 |   334 |   139 |   807 |   343 ||  2003
       Chain mail        |       |       |       |   101 |   229 |       |       ||   330
Dodge: Dodged            |    53 |    36 |   122 |   152 |   254 |   390 |   127 ||  1134
       Repelled          |       |       |       |     1 |     8 |     1 |       ||    10
Block: Kite shield       |    80 |   132 |   156 |   568 |   744 |  1304 |   141 ||  3125
       Buckler           |       |       |    43 |       |       |       |       ||    43
       Tower shield      |       |       |       |       |       |       |   512 ||   512
